Map: Cerulean Fall LE

Players

Swatopluke - Winner!

  • Race: Protoss Protoss
  • League: Platinum
  • Spawn Location: 7:00

Anarazel

  • Race: Protoss Protoss
  • League: Platinum
  • Spawn Location: 1:00

VOD

Have the link to the VOD?

Description

Time

  • Played on: Nov. 11, 2018, 8:11 p.m.
  • Length: 9:38
Show
View Real Time Build Order
Export as new Build Order

Swatopluke Protoss - Winner!

Build Orders: 1 Gate Expand 

Get SALT Encoding   

  12  0:00  Probe  
  13  0:12  Probe  
  14  0:18  Pylon  
  14  0:24  Probe  
  15  0:35  Probe  
  15  0:36  Gateway  
  16  0:43  Probe  
  17  0:50  Assimilator  
  17  1:00  Probe  
  18  1:12  Probe  
  19  1:24  Probe  
  20  1:27  Cybernetics Core  
  20  1:38  Probe, Nexus  
  20  1:46  Probe  
  21  1:52  Assimilator  
  22  1:56  Probe  
  23  2:10  Pylon  
  23  2:13  Twilight Council  
  23  2:23  Probe  
  23  2:28  Adept  
  26  2:37  Probe  
  26  2:43  Pylon  
  27  2:49  Probe  
  27  2:50  Charge  
  27  2:51  Assimilator  
  28  2:55  Gateway  
  28  2:57  Warp Gate  
  28  3:01  Probe  
  28  3:02  Probe  
  30  3:08  Pylon  
  30  3:14  Probe  
  30  3:15  Probe  
  31  3:27  Probe  
  31  3:29  Probe, Stargate  
  31  3:32  Zealot  
  35  3:35  Probe  
  36  3:44  Robotics Facility  
  36  3:46  Probe  
  36  4:14  Probe x2  
  38  4:21  Phoenix  
  38  4:23  Immortal  
  40  4:26  Probe  
  40  4:28  Probe  
  46  4:37  Assimilator  
  46  4:38  Probe  
  51  4:40  Probe  
  48  4:50  Probe  
  48  4:52  Probe  
  50  4:57  Void Ray  
  54  5:12  Pylon  
  54  5:17  Pylon  
  54  5:20  Probe x2  
  54  5:23  Nexus  
  54  5:25  Immortal  
  51  5:28  Probe x2  
  51  5:35  Stalker  
  51  5:36  Probe  
  51  5:37  Probe, Zealot  
  55  5:47  Probe  
  55  5:48  Probe  
  55  5:49  Gateway  
  57  5:58  Zealot  
  57  5:59  Zealot  
  57  6:00  Probe  
  57  6:03  Probe  
  63  6:12  Probe, Phoenix  
  66  6:20  Probe, Stargate  
  66  6:24  Probe, Observer  
  68  6:32  Probe  
  70  6:35  Probe  
  70  6:37  Probe, Assimilator  
  72  6:40  Phoenix  
  72  6:44  Probe  
  75  6:59  Probe  
  75  7:00  Probe x2  
  74  7:02  Stalker x2, Phoenix x2  
  82  7:09  Observer  
  82  7:17  Probe x2  
  85  7:22  Probe  
  85  7:23  Pylon  
  85  7:28  Pylon x2  
  85  7:30  Pylon  
  85  7:37  Pylon  
  85  7:40  Phoenix x2  
  85  7:41  Probe  
  90  7:50  Probe x2  
  92  7:55  Zealot x3  
  98  8:05  Phoenix x2  
  100  8:21  Stalker x2  
  100  8:23  Fleet Beacon  
  104  8:29  Probe x2  
  104  8:30  Phoenix  
  108  8:39  Phoenix  
  110  8:55  Phoenix  
  110  8:56  Stalker  
  110  8:57  Stalker x2  
  110  8:58  Observer  
  119  9:04  Phoenix  
  121  9:17  Probe  
  121  9:18  Assimilator  
  124  9:25  Probe  
  125  9:34  Pylon  
  125  9:35  Pylon  
  125  9:36  Pylon  
Show
View Real Time Build Order
Export as new Build Order

Anarazel Protoss 

Build Orders:  

Get SALT Encoding   

  1  0:00  Probe  
  12  0:06  Probe  
  14  0:15  Probe  
  15  0:24  Pylon  
  15  0:42  Probe  
  16  0:57  Probe  
  17  1:06  Gateway  
  17  1:13  Assimilator  
  17  1:17  Assimilator  
  17  1:19  Probe  
  18  1:30  Probe  
  18  1:31  Nexus  
  19  1:42  Probe  
  20  1:53  Probe  
  21  1:57  Cybernetics Core  
  21  2:01  Probe  
  22  2:27  Probe  
  23  2:30  Gateway  
  23  2:43  Stalker, Probe  
  26  2:45  Pylon  
  26  2:55  Probe x2  
  28  3:07  Probe x2  
  30  3:19  Probe x2  
  32  3:27  Stalker  
  32  3:28  Stalker  
  36  3:36  Probe x2  
  36  3:37  Stargate  
  38  3:43  Robotics Facility  
  38  3:49  Probe x2  
  36  4:17  Stalker x2  
  36  4:19  Oracle  
  40  4:27  Probe x2  
  45  4:40  Probe  
  46  4:46  Pylon  
  46  5:04  Probe  
  46  5:06  Immortal  
  47  5:12  Phoenix  
  53  5:14  Probe  
  54  5:32  Probe x2  
  53  5:44  Probe  
  53  5:45  Pylon  
  53  5:46  Pylon  
  54  5:54  Stargate  
  54  6:01  Assimilator  
  54  6:03  Stalker x2, Phoenix, Assimilator, Probe x2  
  62  6:05  Immortal  
  62  6:10  Pylon  
  66  6:11  Pylon  
  66  6:15  Probe x2  
  68  6:27  Probe x2  
  70  6:33  Phoenix  
  70  6:37  Nexus  
  70  6:39  Probe x2  
  74  6:44  Pylon  
  74  6:45  Pylon, Phoenix  
  76  6:52  Probe  
  74  7:05  Void Ray  
  78  7:10  Immortal  
  78  7:20  Nexus  
  82  7:23  Pylon  
  82  7:25  Pylon, Gateway  
  82  7:41  Void Ray  
  86  7:47  Pylon, Stalker x2  
  86  7:48  Pylon  
  90  7:57  Void Ray  
  85  8:31  Probe x2  
  83  8:43  Probe x2  
  81  8:55  Probe x2  
  73  9:07  Probe, Phoenix  
  73  9:08  Phoenix  
  78  9:15  Stargate  
  78  9:17  Stargate  
  78  9:20  Forge  
  78  9:22  Forge  
  78  9:24  Probe x2  
Tags
 
Add a new tag
Caveats
  • Supply blocks, unpowered buildings, or Contaminate may cause inaccurate times.
  • Supply counts are checked every 10 seconds.